 Dungeon Crawl Stone Soup version 0.32-a0-290-g598725c5f2 (webtiles) character file.

Game seed: 9181215775339021084

4942 Necromancer21 the Blocker (level 10, -5/86 HPs)
             Began as a Minotaur Fighter on Feb 13, 2024.
             Slain by a large abomination (12 damage)
             ... on level 2 of the Abyss.
             The game lasted 01:09:12 (9825 turns).

Necromancer21 the Blocker (Minotaur Fighter)        Turns: 9825, Time: 01:09:12

Health: -5/86      AC: 15    Str: 26    XL:     10   Next: 28%
Magic:  9/9        EV: 11    Int:  5    God:
Gold:   178        SH: 15    Dex:  9    Spells: 9/9 levels left

rFire   . . .        E - +2 trident (drain)
rCold   . . .        w - +0 kite shield
rNeg    . . .        o - +0 plate armour
rPois   .            (helmet restricted)
rElec   .            k - scarf {shadows}
rCorr   .            z - +0 pair of gloves
SInv    .            (no boots)
Will    .....        r - amulet of reflection Stlth
                     s - +5 ring of evasion
HPRegen 0.34/turn    (no ring)
MPRegen 0.11/turn

%: reflection
@: about to teleport
A: horns 2, retaliatory headbutt, mutation resistance 1, MP-powered wands
a: no special abilities


You were on level 2 of the Abyss.
You visited 1 branch of the dungeon, and saw 9 of its levels.
You visited the Abyss 1 time.
You also visited: Sewer.

You collected 298 gold pieces.
You spent 120 gold pieces at shops.

Inventory:

Hand Weapons
 a - a +0 long sword
 A - a +3 dire flail of venom
 C - a +2 heavy flail
 E - a +2 trident of draining (weapon)
Missiles
 g - 4 throwing nets
 n - 43 poisoned darts (quivered)
 v - 6 atropa-tipped darts
Armour
 b - a +0 scale mail
 c - a +1 buckler
 k - a scarf of shadows (worn)
 o - a +0 plate armour (worn)
 w - a +0 kite shield (worn)
 z - a +0 pair of gloves (worn)
Jewellery
 i - the ring "Luosaich" {Ice rCorr Int-2 Dex+2 Stlth+}
   (You found it in a sewer)

   [ring of ice]

   Ice:       It enhances your ice magic.
   Int-2:     It affects your intelligence (-2).
   Dex+2:     It affects your dexterity (+2).
   rF-:       It makes you vulnerable to fire.
   rC+:       It protects you from cold.
   rCorr:     It protects you from acid and corrosion.
   Stlth+:    It makes you more stealthy.
 r - an amulet of reflection (around neck)
 s - a +5 ring of evasion (left hand)
Scrolls
 h - 3 scrolls of fog
 p - 2 scrolls of amnesia
 q - 2 scrolls of enchant armour
 x - 3 scrolls of enchant weapon
 y - a scroll of identify
 B - 2 scrolls of noise
 F - a scroll of silence
Potions
 d - 3 potions of might
 f - a potion of brilliance
 m - 2 potions of haste
 t - 2 potions of magic
 u - a potion of enlightenment
 D - 2 potions of attraction
 G - a potion of lignification {unknown}


   Skills:
 - Level 7.1 Fighting
 + Level 9.2 Long Blades
 - Level 5.3 Maces & Flails
 * Level 5.9 Polearms
 + Level 9.2 Armour
 - Level 0.3 Dodging
 + Level 9.5 Shields


You had 9 spell levels left.
You didn't know any spells.
Your spell library contained the following spells:

 Spells                   Type           Power      Damage    Failure   Level
 Call Canine Familiar     Summ           0%         N/A       100%        3
 Hailstorm                Conj/Ice       0%         3d5       100%        3
 Sigil of Binding         Hex            0%         N/A       100%        3
 Summon Ice Beast         Ice/Summ       0%         N/A       100%        3
 Dimensional Bullseye     Hex/Tloc       0%         N/A       100%        4
 Sculpt Simulacrum        Ice/Alch       0%         N/A       100%        6


Dungeon Overview and Level Annotations

Branches:
Dungeon (9/15)              Sewer (visited)
 Temple: D:4-7         Lair: D:8-11         Orc: D:9-12

Altars:
Cheibriados
Dithmenos
Ru
Sif Muna
Trog
Xom
Yredelemnul

Shops:
D:9 ?

Annotations:
D:9 Erolcha


Innate Abilities, Weirdness & Mutations

You have a pair of horns on your head.
You reflexively headbutt those who attack you in melee.
You are somewhat resistant to further mutation.
You expend magic power (3 MP) to strengthen your wands.


Message History

The large abomination hits you but does no damage.
The smoke demon gestures at you. Something smites you!
You hit the large abomination but do no damage.
The large abomination is lightly damaged.
You block the large abomination's attack.
You hit the large abomination.
Your headbutt misses the large abomination.
The large abomination is lightly damaged.
You block the large abomination's attack.
You hit the large abomination but do no damage.
You headbutt the large abomination.
The large abomination is moderately damaged.
You block the large abomination's attack.
You hit the large abomination.
The large abomination is moderately damaged.
You block the large abomination's attack.
You puncture the large abomination!
The large abomination is heavily damaged.
The large abomination hits you but does no damage.
You hit the large abomination.
The large abomination is severely damaged.
The large abomination barely misses you.
You furiously retaliate!
You headbutt the large abomination. You puncture the large abomination!
The large abomination is almost destroyed.
The large abomination hits you!
* * * LOW HITPOINT WARNING * * *
You barely miss the large abomination.
You headbutt the large abomination, but do no damage.
The large abomination is almost destroyed.
The large abomination hits you!
* * * LOW HITPOINT WARNING * * *
You feel better. The large abomination hits you!
* * * LOW HITPOINT WARNING * * *
As you read the scroll of teleportation, it crumbles to dust.
You feel strangely unstable.
You feel the power of the Abyss delaying your translocation!
The large abomination hits you!
You die...

.. #...## ..
## . ..###. ..
..#..####..#..
..........
#.## .
.##.#..#
..##.# .#
..#..#..
X.3.#ยง# ##.##
...3....# #..
.X#####X# #.
.. . # #@##
### #.# # ###
#. X# #. .# ..
. . . . ..#


You could see a large abomination and a smoke demon.

Vanquished Creatures
  Pikel (D:6)
  Jeremiah (D:7)
  2 hornets (D:8)
  A wyvern (D:9)
  A neqoxec (Abyss:2)
  Edmund (D:5)
  2 water moccasins
  2 orc warriors (D:6)
  A sky beast (D:6)
  3 ice beasts
  A black bear (D:7)
  2 ogres (D:4)
  A centaur (D:7)
  3 lemures (D:6)
  Blork the orc (D:5)
  7 bullfrogs
  A brain worm (Abyss:2)
  A gnoll sergeant (D:8)
  5 kobold brigands
  A scorpion (D:5)
  A small abomination (Abyss:2)
  6 killer bees
  4 electric eels (D:7)
  4 hounds
  A jelly (D:4)
  2 orc priests (D:8)
  A gnoll bouda (D:5)
  2 iguanas
  2 orc wizards
  7 gnolls
  8 adders
  2 shadow imps
  A white imp (D:5)
  8 dart slugs
  2 ribbon worms
  27 orcs
  10 endoplasms
  17 giant cockroaches
  12 goblins
  17 hobgoblins
  7 jackals
  3 quokkas
  15 ball pythons
  4 bats
  11 frilled lizards
  29 kobolds
  6 rats
247 creatures vanquished.

Vanquished Creatures (others)
  An orc wizard (D:6)
  A kobold (D:9)
2 creatures vanquished.

Grand Total: 249 creatures vanquished

Notes
Turn   | Place    | Note
-------+----------+-------------------------------------------
     0 | D:1      | Necromancer21 the Minotaur Fighter began the quest for the
                  | Orb.
     0 | D:1      | Reached XP level 1. HP: 19/19 MP: 0/0
   182 | D:1      | Reached XP level 2. HP: 24/27 MP: 1/1
   466 | D:1      | Reached XP level 3. HP: 28/33 MP: 2/2
   973 | D:2      | Found a bloodstained altar of Trog.
  1004 | D:2      | Reached XP level 4. HP: 34/40 MP: 3/3
  1248 | D:2      | Found a faded altar of an unknown god.
  2105 | D:3      | Reached XP level 5. HP: 47/47 MP: 4/4
  2574 | D:3      | Found a basalt altar of Yredelemnul.
  2576 | D:3      | Found a shimmering altar of Xom.
  2576 | D:3      | Found a shadowy altar of Dithmenos.
  2696 | D:3      | Reached skill level 5 in Shields
  3275 | D:4      | Gained mutation: You expend magic power (3 MP) to
                  | strengthen your wands. [potion of mutation]
  3275 | D:4      | Gained mutation: You have a pair of large horns on your
                  | head. [potion of mutation]
  3276 | D:4      | Lost mutation: You expend magic power (3 MP) to strengthen
                  | your wands. [potion of mutation]
  3276 | D:4      | Lost mutation: You have a pair of large horns on your head.
                  | [potion of mutation]
  3276 | D:4      | Gained mutation: You are somewhat resistant to further
                  | mutation. [potion of mutation]
  3276 | D:4      | Gained mutation: You expend magic power (3 MP) to
                  | strengthen your wands. [potion of mutation]
  3277 | D:4      | Noticed an ogre
  3294 | D:4      | Killed an ogre
  3295 | D:4      | Reached XP level 6. HP: 15/55 MP: 5/5
  3383 | D:4      | Found a glowing drain.
  3394 | Sewer    | Entered a sewer
  3467 | Sewer    | Reached skill level 5 in Fighting
  3547 | Sewer    | Reached skill level 5 in Armour
  3752 | Sewer    | Reached skill level 5 in Long Blades
  3754 | Sewer    | Identified the ring "Luosaich" {Ice rCorr Int-2 Dex+2
                  | Stlth+}
  3996 | D:4      | Reached XP level 7. HP: 50/61 MP: 6/6
  4681 | D:5      | Entered Level 5 of the Dungeon
  4714 | D:5      | Noticed Edmund
  4735 | D:5      | HP: 2/63 [Edmund/+3 dire flail of venom (13)]
  4748 | D:5      | Killed Edmund
  4953 | D:5      | Noticed Blork the orc
  4965 | D:5      | Killed Blork the orc
  4966 | D:5      | Reached XP level 8. HP: 63/71 MP: 7/7
  5098 | D:5      | Found a sacrificial altar of Ru.
  5894 | D:6      | Reached skill level 1 in Maces & Flails
  6063 | D:6      | Noticed Pikel
  6089 | D:6      | Killed Pikel
  6090 | D:6      | Reached XP level 9. HP: 70/79 MP: 8/8
  6231 | D:6      | Found a shimmering blue altar of Sif Muna.
  6665 | D:7      | Noticed Jeremiah
  6707 | D:7      | Killed Jeremiah
  6708 | D:7      | Reached skill level 5 in Maces & Flails
  6826 | D:7      | Reached skill level 1 in Polearms
  8089 | D:7      | Noticed a kobold demonologist
  8089 | D:7      | Noticed a manticore
  8096 | D:7      | Noticed a sun demon
  8354 | D:8      | Found a snail-covered altar of Cheibriados.
  8917 | D:8      | Reached XP level 10. HP: 82/86 MP: 9/9
  8935 | D:8      | Reached skill level 5 in Polearms
  9601 | D:9      | Found Igoist's Magic Scroll Boutique.
  9611 | D:9      | Bought a scroll of enchant weapon for 120 gold pieces
  9658 | D:9      | Noticed Erolcha
  9683 | Abyss:2  | Cast into level 2 of the Abyss (Erolcha)
  9800 | Abyss:2  | Noticed a smoke demon
  9801 | Abyss:2  | Noticed a large abomination
  9825 | Abyss:2  | Slain by a large abomination

Illustrated notes

Levels and vault maps discovered:
D:1:      minmay_arrival_four_loops, layout_basic, serial_bayou_crossing
D:2:      layout_loops_ring, basic_altar, ebering_ecumenical_altar_abandoned
D:3:      layout_basic, chequers_temple_overflow_statue_of_worship,
          minmay_goblin_outpost
D:4:      layout_loops_ring, portal_sewer_entry_a, minmay_close_crescents
D:5:      layout_gridville, hangedman_ru_absence, uniq_blork_the_orc,
          uniq_edmund
D:6:      cheibrodos_thug_alley, layout_rooms, tgw_sif,
          minmay_temple_entry_large_hall, minmay_liquid_box, lightli_minifort,
          uniq_pikel
D:7:      nzn_winding_woodlands_three_and_one [nzn_winding_woodlands_5x15_pool,
          nzn_winding_woodlands_5x15_jagged,
          nzn_winding_woodlands_5x15_sidewinder,
          nzn_winding_woodlands_center_triple_pond], layout_cave_pods,
          kennysheep_little_box, serial_bayou_lagoon_b, uniq_jeremiah
D:8:      layout_basic, lemuel_tele_altar, nicolae_grassy_gnolls
D:9:      kennysheep_seaside_town, layout_cave_pools, nicolae_uskayaw_en_pointe,
          chequers_serial_rivers_micro_d, grunt_ministairs_8,
          nicolae_stop_n_shop_2, uniq_erolcha
Abyss:2:  base: Temple, minivault_25_ag

Skill      XL: |  1  2  3  4  5  6  7  8  9 10 |
---------------+-------------------------------+-----
Shields        | 4 5 6 8 9 |  9.5
Long Blades    | 3 4 5 6 7 8 9 |  9.2
Fighting       | 4 5 6 7 |  7.1
Armour         | 4 5 6 7 8 9 |  9.2
Maces & Flails | 4 5 |  5.3
Polearms       | 4 5 |  5.9
Dodging        | |  0.3

Action                     |  1- 3 |  4- 6 |  7- 9 | 10-12 || total
---------------------------+-------+-------+-------+-------++-------
  Melee: Long sword        |    93 |   198 |   180 |       ||   471
         Headbutt          |    13 |    39 |    77 |    25 ||   154
         Flail             |       |       |    64 |       ||    64
         Trident           |       |       |   114 |   113 ||   227
  Throw: Dart              |       |       |     4 |       ||     4
    Use: Scroll            |       |    10 |     9 |     1 ||    20
         Potion            |       |     2 |     6 |     4 ||    12
 Armour: Scale mail        |    86 |     1 |       |       ||    87
         Plate armour      |       |   125 |   233 |    46 ||   404
  Dodge: Dodged            |    41 |    90 |   162 |    22 ||   315
  Block: Buckler           |    26 |    49 |       |       ||    75
         Kite shield       |       |     1 |   258 |   108 ||   367
         Reflection        |       |       |     2 |     8 ||    10

Table legend: (Time is in decaauts)
 A = Elapsed time spent in this place.
 B = Non-inter-level travel time spent in this place.
 C = Inter-level travel time spent in this place.
 D = Time resting spent in this place.
 E = Time spent auto-exploring this place.
 F = Levels seen in this place.
 G = Mean time per level.
                   A        B        C        D        E       F      G
               +--------+--------+--------+--------+--------+-----+--------+
         Total |  10113 |   9867 |    246 |   1877 |   2564 |  11 |  919.4 |
       Dungeon |   9415 |   9169 |    246 |   1748 |   2505 |   9 | 1046.1 |
         Abyss |    143 |    143 |      0 |     37 |      0 |   1 |  143.0 |
         Sewer |    554 |    554 |      0 |     92 |     58 |   1 |  554.0 |
               +--------+--------+--------+--------+--------+-----+--------+

Top non-repeatable levels by time:
     D:7: 1875 daAuts
     D:3: 1413 daAuts
     D:8: 1229 daAuts
     D:4: 1109 daAuts
     D:1: 952 daAuts
     D:5: 941 daAuts
     D:2: 911 daAuts
     D:6: 842 daAuts
   Sewer: 554 daAuts
 Abyss:2: 143 daAuts
     D:9: 139 daAuts
